PAA
YAKIMA HOPS @ LANNISTER UNITED LIONHEARTS
08/02/2027
 
TOP OF THE 1ST
Yakima Hops batting - Pitching for Lannister United Lionhearts : RHP Justin Connolly
Pitching: RHP Justin Connolly
Batting: RHB Diego Rodríguez 0-0: Ball
1-0: Called Strike
1-1: Ball
2-1: SINGLE (Line Drive, 8LS)
Batting: RHB Jud Regan 0-0: Ball
1-0: Grounds into double play, 4-6-3 (Groundball, 4)
Batting: RHB Alfonso Nazario 0-0: Ball
1-0: Foul Ball, location: 2F
1-1: Ball
2-1: SINGLE (Groundball, 56D)
Batting: RHB Yehonatan Chazan 0-0: Ball
1-0: SINGLE (Groundball, 6S) (infield hit)
Alfonso Nazario to second
Batting: LHB Lloyd Kent 0-0: Foul Ball, location: 2F
0-1: Called Strike
0-2: Strikes out looking
Top of the 1st over - 0 run(s), 3 hit(s), 0 error(s), 2 left on base; Yakima 0 - Lannister United 0
BOTTOM OF THE 1ST
Lannister United Lionhearts batting - Pitching for Yakima Hops : LHP Jorge Cruz
Pitching: LHP Jorge Cruz
Batting: RHB Rob Berry 0-0: Called Strike
0-1: Ball
1-1: Ground out 6-3 (Groundball, 6)
Batting: SHB Daniel Godart 0-0: Called Strike
0-1: Ball
1-1: Called Strike
1-2: Strikes out swinging
Batting: RHB Carlos Pacheco 0-0: Ball
1-0: Called Strike
1-1: Swinging Strike
1-2: Foul Ball, location: 2F
1-2: Foul Ball, location: 2F
1-2: SINGLE (Line Drive, 8LS)
Batting: RHB Felipe Campos 0-0: Ball
1-0: Ball
2-0: Ball
3-0: Called Strike
3-1: Foul Ball, location: 2F
3-2: Ground out 3-1 (Groundball, 34)
Bottom of the 1st over - 0 run(s), 1 hit(s), 0 error(s), 1 left on base; Yakima 0 - Lannister United 0
TOP OF THE 2ND
Yakima Hops batting - Pitching for Lannister United Lionhearts : RHP Justin Connolly
Batting: SHB Domingo Luna 0-0: Fly out, F5 (Popup, 56)
Batting: RHB Javier Marino 0-0: Called Strike
0-1: Ball
1-1: Called Strike
1-2: Fly out, F7 (Flyball, 7)
Batting: LHB Armando Carmona 0-0: Called Strike
0-1: Ball
1-1: SINGLE (Groundball, 4MD)
Batting: RHB Mario Salazar 0-0: Ball
1-0: Foul Ball, location: 2F
1-1: Ball
2-1: Fielders Choice at 2nd, 5-4 (Groundball, 5)
Top of the 2nd over - 0 run(s), 1 hit(s), 0 error(s), 0 left on base; Yakima 0 - Lannister United 0
BOTTOM OF THE 2ND
Lannister United Lionhearts batting - Pitching for Yakima Hops : LHP Jorge Cruz
Batting: SHB Zachary Burriss 0-0: Called Strike
0-1: Ball
1-1: Fly out, F4 (Flyball, 34D)
Batting: RHB Seth Rollins 0-0: Ball
1-0: Ball
2-0: Called Strike
2-1: SINGLE (Groundball, 4MD)
Batting: RHB Martín Alejadre 0-0: Foul Ball, location: 2F
0-1: Ball
1-1: SINGLE (Groundball, 56) (infield hit)
Seth Rollins to second
Batting: LHB Steven Mitchell 0-0: Called Strike
0-1: Foul Ball, location: 2F
0-2: Ball
1-2: 3-RUN HOME RUN (Line Drive, 9D), Distance : 379 ft
Batting: LHB Jeff Lawson 0-0: Swinging Strike
0-1: Ball
1-1: Called Strike
1-2: Foul Ball, location: 2F
1-2: Foul Ball, location: 2F
1-2: Reached on error, E4 (Groundball, 4)
Batting: RHB Rob Berry 0-0: Called Strike
Jeff Lawson steals 2nd base
0-1: Swinging Strike
0-2: Ball
1-2: Ball
2-2: Ground out U3 (Groundball, 3)
Jeff Lawson to third
Batting: SHB Daniel Godart 0-0: Foul Ball, location: 2F
0-1: Ball
1-1: Called Strike
1-2: Ball
2-2: Strikes out swinging
Bottom of the 2nd over - 3 run(s), 3 hit(s), 1 error(s), 1 left on base; Yakima 0 - Lannister United 3
TOP OF THE 3RD
Yakima Hops batting - Pitching for Lannister United Lionhearts : RHP Justin Connolly
Batting: RHB Diego Rodríguez 0-0: Called Strike
0-1: Foul Ball, location: 2F
0-2: Ball
1-2: SINGLE (Groundball, 6D)
Batting: RHB Jud Regan 0-0: Ball
1-0: Called Strike
1-1: Ball
2-1: Ball
3-1: Fly out, F7 (Flyball, 7S)
Batting: RHB Alfonso Nazario 0-0: Called Strike
Diego Rodríguez steals 2nd base
0-1: SINGLE (Line Drive, 6MD)
Diego Rodríguez to third
Runner from 3rd tries for Home, SAFE, no throw
Batting: RHB Yehonatan Chazan 0-0: Fielders Choice at 2nd, 5-4 (Groundball, 56)
Batting: LHB Lloyd Kent 0-0: Foul Ball, location: 2F
0-1: Ball
1-1: Ball
2-1: Fly out, F7 (Line Drive, 78M)
Top of the 3rd over - 1 run(s), 2 hit(s), 0 error(s), 1 left on base; Yakima 1 - Lannister United 3
BOTTOM OF THE 3RD
Lannister United Lionhearts batting - Pitching for Yakima Hops : LHP Jorge Cruz
Batting: RHB Carlos Pacheco 0-0: SOLO HOME RUN (Flyball, 78XD), Distance : 391 ft
Batting: RHB Felipe Campos 0-0: Fly out, F8 (Flyball, 8LM)
Batting: SHB Zachary Burriss 0-0: Ball
1-0: Foul Ball, location: 2F
1-1: Called Strike
1-2: Strikes out swinging
Batting: RHB Seth Rollins 0-0: Called Strike
0-1: Ball
1-1: Swinging Strike
1-2: Foul Ball, location: 2F
1-2: Ball
2-2: Ball
3-2: Fly out, F9 (Line Drive, 9)
Bottom of the 3rd over - 1 run(s), 1 hit(s), 0 error(s), 0 left on base; Yakima 1 - Lannister United 4
TOP OF THE 4TH
Yakima Hops batting - Pitching for Lannister United Lionhearts : RHP Justin Connolly
Batting: SHB Domingo Luna 0-0: Foul Ball, location: 2F
0-1: Ball
1-1: Foul Ball, location: 2F
1-2: Ball
2-2: Strikes out swinging
Batting: RHB Javier Marino 0-0: Ball
1-0: Called Strike
1-1: Ball
2-1: Ball
3-1: SINGLE (Groundball, 6MD)
Batting: LHB Armando Carmona 0-0: Fly out, F7 (Flyball, 7)
Batting: RHB Mario Salazar 0-0: Ball
1-0: Called Strike
1-1: Swinging Strike
1-2: Ball
2-2: Foul Ball, location: 2F
2-2: Fielders Choice at 2nd, 4-6 (Groundball, 4)
Top of the 4th over - 0 run(s), 1 hit(s), 0 error(s), 0 left on base; Yakima 1 - Lannister United 4
BOTTOM OF THE 4TH
Lannister United Lionhearts batting - Pitching for Yakima Hops : LHP Jorge Cruz
Batting: RHB Martín Alejadre 0-0: SINGLE (Line Drive, 9LM)
Batting: LHB Steven Mitchell 0-0: Ball
1-0: Ball
2-0: Ball
Martín Alejadre is caught stealing 2nd base
3-0: Called Strike
3-1: Fly out, F9 (Line Drive, 89S)
Batting: LHB Jeff Lawson 0-0: Ball
1-0: Ball
2-0: Called Strike
2-1: Called Strike
2-2: Strikes out swinging
Bottom of the 4th over - 0 run(s), 1 hit(s), 0 error(s), 0 left on base; Yakima 1 - Lannister United 4
TOP OF THE 5TH
Yakima Hops batting - Pitching for Lannister United Lionhearts : RHP Justin Connolly
Batting: RHB Diego Rodríguez 0-0: Swinging Strike
0-1: Foul Ball, location: 2F
0-2: Ball
1-2: Foul Ball, location: 2F
1-2: Foul Ball, location: 2F
1-2: Foul Ball, location: 2F
1-2: Ball
2-2: SINGLE (Groundball, 25) (infield hit)
Pitching: LHP Carlos Díaz
Batting: RHB Jud Regan 0-0: Ball
1-0: SINGLE (Line Drive, 78S)
Diego Rodríguez to second
Batting: RHB Alfonso Nazario 0-0: Called Strike
Diego Rodríguez steals 3rd base
Jud Regan to second
0-1: Ball
1-1: Ball
2-1: Foul Ball, location: 2F
2-2: Ball
3-2: Foul Ball, location: 2F
3-2: Fly out, F8 (Flyball, 8LXD)
Runner from 3rd tags up, SCORES, no throw
Jud Regan to third
Batting: RHB Yehonatan Chazan 0-0: Ball
1-0: Foul Ball, location: 2F
1-1: Swinging Strike
1-2: Strikes out swinging
Batting: LHB Lloyd Kent 0-0: Swinging Strike
0-1: Foul Ball, location: 2F
0-2: Ground out 4-3 (Groundball, 4)
Top of the 5th over - 1 run(s), 2 hit(s), 0 error(s), 1 left on base; Yakima 2 - Lannister United 4
BOTTOM OF THE 5TH
Lannister United Lionhearts batting - Pitching for Yakima Hops : LHP Jorge Cruz
Batting: RHB Rob Berry 0-0: Ball
1-0: Ball
2-0: Foul Ball, location: 2F
2-1: Ball
3-1: Base on Balls
Batting: SHB Daniel Godart 0-0: Ball
Rob Berry steals 2nd base
1-0: Reached on error, E3 (Groundball, 34)
Rob Berry to third
Batting: RHB Carlos Pacheco 0-0: Called Strike
0-1: Foul Ball, location: 2F
0-2: Ball
1-2: Ball
2-2: Foul Ball, location: 2F
2-2: Strikes out swinging
Batting: RHB Felipe Campos 0-0: Ball
Daniel Godart steals 2nd base
1-0: Ball
2-0: Ball
3-0: Base on Balls
Batting: SHB Zachary Burriss 0-0: Ball
1-0: Called Strike
1-1: Called Strike
1-2: Grounds into double play, 6-4-3 (Groundball, 6)
Bottom of the 5th over - 0 run(s), 0 hit(s), 1 error(s), 2 left on base; Yakima 2 - Lannister United 4
TOP OF THE 6TH
Yakima Hops batting - Pitching for Lannister United Lionhearts : LHP Carlos Díaz
Batting: SHB Domingo Luna 0-0: Called Strike
0-1: Ground out 4-3 (Groundball, 34)
Batting: RHB Javier Marino 0-0: Called Strike
0-1: SINGLE (Line Drive, 5D)
Batting: LHB Armando Carmona 0-0: Fly out, F7 (Flyball, 78M)
Batting: RHB Mario Salazar 0-0: Ball
1-0: Called Strike
1-1: Foul Ball, location: 2F
1-2: Ball
2-2: Fielders Choice at 2nd, 6-4 (Groundball, 56)
Top of the 6th over - 0 run(s), 1 hit(s), 0 error(s), 0 left on base; Yakima 2 - Lannister United 4
BOTTOM OF THE 6TH
Lannister United Lionhearts batting - Pitching for Yakima Hops : LHP Jorge Cruz
Batting: RHB Seth Rollins 0-0: Foul Ball, location: 2F
0-1: Ball
1-1: Fly out, F9 (Flyball, 9LM)
Pitching: LHP Billy Mays
Batting: RHB Martín Alejadre 0-0: Ball
1-0: Ground out U3 (Groundball, 34S)
Batting: LHB Steven Mitchell 0-0: Ball
1-0: Called Strike
1-1: Foul Ball, location: 2F
1-2: Fly out, F7 (Flyball, 7S)
Bottom of the 6th over - 0 run(s), 0 hit(s), 0 error(s), 0 left on base; Yakima 2 - Lannister United 4
TOP OF THE 7TH
Yakima Hops batting - Pitching for Lannister United Lionhearts : LHP Carlos Díaz
Batting: RHB Diego Rodríguez 0-0: Ball
1-0: Fly out, F8 (Flyball, 8RXD)
Batting: RHB Jud Regan 0-0: Foul Ball, location: 2F
0-1: SINGLE (Groundball, 4MD)
Batting: RHB Alfonso Nazario 0-0: Foul Ball, location: 2F
0-1: Ball
1-1: Called Strike
1-2: Ball
2-2: Ball
3-2: Foul Ball, location: 2F
3-2: Base on Balls
Jud Regan to second
Batting: RHB Yehonatan Chazan 0-0: Ball
1-0: Called Strike
Jud Regan steals 3rd base
Alfonso Nazario to second
1-1: Ball
2-1: Ball
3-1: Swinging Strike
3-2: Base on Balls
Batting: LHB Lloyd Kent 0-0: Ball
1-0: Ball
2-0: Ball
3-0: Base on Balls
Jud Regan scores
Alfonso Nazario to third
Yehonatan Chazan to second
Batting: SHB Domingo Luna 0-0: Ball
1-0: Called Strike
1-1: Foul Ball, location: 2F
1-2: Ball
2-2: Fly out, F8 (Flyball, 8RS)
Batting: RHB Javier Marino 0-0: SINGLE (Groundball, 56D)
Alfonso Nazario scores
Yehonatan Chazan to third
Lloyd Kent to second
Throwing error, E7
Yehonatan Chazan scores
Lloyd Kent to third
Javier Marino to second
Pitching: LHP Yoshida Kudo
Batting: LHB Armando Carmona 0-0: Called Strike
0-1: Called Strike
0-2: Strikes out swinging
Top of the 7th over - 3 run(s), 2 hit(s), 1 error(s), 2 left on base; Yakima 5 - Lannister United 4
BOTTOM OF THE 7TH
Lannister United Lionhearts batting - Pitching for Yakima Hops : LHP Billy Mays
Batting: LHB Jeff Lawson 0-0: Ball
1-0: SINGLE (Groundball, 5) (infield hit)
Batting: RHB Rob Berry 0-0: Sac Bunt - play at first, batter OUT! 1-4
Jeff Lawson to second
Pinch Hitting: RHB Charlie Rhodes 0-0: Ball
Wild Pitch!
Jeff Lawson to third
1-0: Swinging Strike
1-1: Ball
2-1: Ball
3-1: Foul Ball, location: 2F
3-2: Base on Balls
Batting: RHB Carlos Pacheco 0-0: Ball
1-0: Ball
2-0: Called Strike
2-1: Ball
3-1: 3-RUN HOME RUN (Flyball, 7D), Distance : 361 ft
Pitching: RHP Rodrigo Sandoval
Batting: RHB Felipe Campos 0-0: Ball
1-0: Swinging Strike
1-1: Fly out, F9 (Line Drive, 9S)
Batting: SHB Zachary Burriss 0-0: Called Strike
0-1: Swinging Strike
0-2: Strikes out swinging
Bottom of the 7th over - 3 run(s), 2 hit(s), 0 error(s), 0 left on base; Yakima 5 - Lannister United 7
TOP OF THE 8TH
Yakima Hops batting - Pitching for Lannister United Lionhearts : LHP Yoshida Kudo
Now in RF: Jim Unknown
Batting: RHB Mario Salazar 0-0: Called Strike
0-1: Swinging Strike
0-2: Foul Ball, location: 2F
0-2: Ball
1-2: SINGLE (Line Drive, 9LS)
Pitching: RHP Ramiro Flores
Batting: RHB Diego Rodríguez 0-0: Ball
1-0: Ball
2-0: Called Strike
2-1: Ball
3-1: Hit by Pitch
Mario Salazar to second
Batting: RHB Jud Regan 0-0: Foul Ball, location: 2F
0-1: Ball
1-1: Foul Ball, location: 2F
1-2: Grounds into double play, 6-4-3 (Groundball, 6)
Mario Salazar to third
Batting: RHB Alfonso Nazario 0-0: Foul Ball, location: 2F
0-1: Ball
1-1: Swinging Strike
1-2: Strikes out swinging
Top of the 8th over - 0 run(s), 1 hit(s), 0 error(s), 1 left on base; Yakima 5 - Lannister United 7
BOTTOM OF THE 8TH
Lannister United Lionhearts batting - Pitching for Yakima Hops : RHP Rodrigo Sandoval
Batting: RHB Seth Rollins 0-0: Foul Ball, location: 2F
0-1: Swinging Strike
0-2: Fly out, F8 (Flyball, 8RS)
Batting: RHB Martín Alejadre 0-0: Swinging Strike
0-1: Foul Ball, location: 2F
0-2: Ball
1-2: Ball
2-2: Foul Ball, location: 2F
2-2: Foul Ball, location: 2F
2-2: Strikes out swinging
Batting: LHB Steven Mitchell 0-0: Ball
1-0: Ball
2-0: Ball
3-0: Base on Balls
Batting: LHB Jeff Lawson 0-0: Called Strike
0-1: Ball
1-1: SINGLE (Groundball, 3D)
Steven Mitchell to second
Runner from 2nd tries for 3rd, OUT!
Bottom of the 8th over - 0 run(s), 1 hit(s), 0 error(s), 1 left on base; Yakima 5 - Lannister United 7
TOP OF THE 9TH
Yakima Hops batting - Pitching for Lannister United Lionhearts : RHP Ramiro Flores
Pitching: RHP Hideaki Hayagawa
Batting: RHB Yehonatan Chazan 0-0: Called Strike
0-1: Ball
1-1: Fly out, F5 (Line Drive, 56)
Batting: LHB Lloyd Kent 0-0: Ball
1-0: Called Strike
1-1: Foul Ball, location: 2F
1-2: Strikes out looking
Batting: SHB Domingo Luna 0-0: Ball
1-0: Ground out 3-1 (Groundball, 34)
Top of the 9th over - 0 run(s), 0 hit(s), 0 error(s), 0 left on base; Yakima 5 - Lannister United 7
Saturday, May 26th, 2018 - OOTP Baseball 17.12 Build 75